 Dungeon Crawl Stone Soup version 0.32-a0-931-g5a2cda0630 (webtiles) character file.

Game seed: 2251370696397469650

4 LadyBoffin the Cudgeller (level 1, 0/17 HPs)
             Began as a Mountain Dwarf Reaver on Apr 13, 2024.
             Was a Follower of Beogh.
             Slain by a goblin
             ... wielding a +0 dagger
              (1 damage)
             ... on level 1 of the Dungeon.
             The game lasted 00:01:13 (161 turns).

LadyBoffin the Cudgeller (Mountain Dwarf Reaver)     Turns: 161, Time: 00:01:13

Health: 0/17       AC:  3    Str: 14    XL:     1   Next: 50%
Magic:  3/3        EV:  0    Int: 13    God:    Beogh [*.....]
Gold:   0          SH:  0    Dex:  8    Spells: 2/3 levels left

rFire   . . .        a - +0 mace
rCold   . . .        (no shield)
rNeg    . . .        b - +0 leather armour
rPois   .            (no helmet)
rElec   .            (no cloak)
rCorr   .            (no gloves)
SInv    .            (no boots)
Will    .....        (no amulet)
Stlth   +            (no ring)
HPRegen 0.22/turn    (no ring)
MPRegen 0.08/turn

%: no passive effects
@: constricted
A: runic magic, artefact enchanting
a: Renounce Religion


You were on level 1 of the Dungeon.
You worshipped Beogh.
Beogh was aware of your devotion.
You visited 1 branch of the dungeon, and saw 1 of its levels.

Inventory:

Hand Weapons
 a - a +0 mace (weapon)
Armour
 b - a +0 leather armour (worn)


   Skills:
 + Level 2.2 Fighting
 + Level 3.8 Maces & Flails
 + Level 1.4 Dodging
 + Level 1.7 Spellcasting
 + Level 2.8 Conjurations


You had 2 spell levels left.
You knew the following spells:

 Your Spells              Type           Power      Damage    Failure   Level
a - Kiss of Death         Conj/Necr      16%        2d6       16%         1

Your spell library contained the following spells:

 Spells                   Type           Power      Damage    Failure   Level
 Momentum Strike          Conj/Tloc      8%         3d8       22%         2
 Hailstorm                Conj/Ice       4%         3d5       41%         3


Dungeon Overview and Level Annotations

Branches:
Dungeon (1/15)

Altars:
Beogh


Innate Abilities, Weirdness & Mutations

Your spellcasting is much less encumbered by armour.
You can use scrolls of enchantment on lesser artefacts.


Message History

You completely miss the ball python. The ball python closely misses you. x2
The ball python grabs you. The ball python constricts you.
You sock the ball python!
You kill the ball python!
Beogh accepts your kill.
You sock the endoplasm!
You kill the endoplasm!
Beogh accepts your kill.
Found 6 gold pieces.
The ball python hisses angrily.
A goblin comes into view. It is wielding a +0 dagger.
The goblin shouts!
You hear a shout!
A bat comes into view.
The bat moves out of view.
The ball python closely misses you. The ball python grabs you.
The ball python constricts you.
The ball python bites you but does no damage.
The ball python constricts you.
You barely miss the ball python. The ball python bites you.
The ball python constricts you.
You closely miss the ball python.
The ball python bites you but does no damage.
The ball python constricts you. The ball python bites you.
The ball python constricts you.
You barely miss the ball python.
The ball python bites you but does no damage.
The ball python constricts you.
You closely miss the ball python. The bat hits you. The ball python bites you.
* * * LOW HITPOINT WARNING * * *
The ball python constricts you.
You closely miss the ball python. The bat hits you but does no damage.
The ball python bites you.
* * * LOW HITPOINT WARNING * * *
The ball python constricts you.
* * * LOW HITPOINT WARNING * * *
The ball python bites you but does no damage.
The ball python constricts you.
* * * LOW HITPOINT WARNING * * *
The goblin hits you with a +0 dagger.
You die...

### #######.. ##
......... .. .#
......... .. #. #.#
......... ... #.####.#..
......... ....#....#.#.#
#######.#
##....S..#.#.#.# #.#
......b@...#.#.# #.#
######.g.>.#.#.#######.#
.......................
#####.......#.###...#.#
#..#......#........
.....#......#.#####.#
......#......#.# #.#
......#?###..#.#####.#
......#..............#


You could see a goblin, a bat and a ball python.

Vanquished Creatures
  A ball python (D:1)
  An endoplasm (D:1)
  A hobgoblin (D:1)
3 creatures vanquished.

Notes
Turn   | Place    | Note
-------+----------+-------------------------------------------
     0 | D:1      | LadyBoffin the Mountain Dwarf Reaver began the quest for
                  | the Orb.
     0 | D:1      | Reached XP level 1. HP: 17/17 MP: 3/3
     3 | D:1      | Found a faded altar of an unknown god.
    29 | D:1      | Prayed at the altar of an unknown god.
    29 | D:1      | Became a worshipper of Beogh the Shepherd
    29 | D:1      | Reached * piety under Beogh
   161 | D:1      | Slain by a goblin

Illustrated notes

Levels and vault maps discovered:
D:1:      saegor_arrival_simple_a, layout_basic, serial_glass, glass_columns_c,
          glass_columns_c, shapermc_ecumenical_altar_mp_highgroup

Action                     || total
---------------------------++-------
  Melee: Mace              ||    14
 Armour: Leather armour    ||    23
  Dodge: Dodged            ||     7

Table legend: (Time is in decaauts)
 A = Elapsed time spent in this place.
 B = Non-inter-level travel time spent in this place.
 C = Inter-level travel time spent in this place.
 D = Time resting spent in this place.
 E = Time spent auto-exploring this place.
 F = Levels seen in this place.
 G = Mean time per level.
                   A        B        C        D        E       F      G
               +--------+--------+--------+--------+--------+-----+--------+
         Total |    163 |    163 |      0 |      0 |    105 |   1 |  163.0 |
       Dungeon |    163 |    163 |      0 |      0 |    105 |   1 |  163.0 |
               +--------+--------+--------+--------+--------+-----+--------+

Top non-repeatable levels by time:
     D:1: 163 daAuts
